 Dungeon Crawl Stone Soup version 0.20.1-1-g8b1a95d (webtiles) character file.

597 slep the Skirmisher (level 7, -4/62 HPs)
             Began as a Minotaur Abyssal Knight on Oct 30, 2017.
             Was a Believer of Lugonu.
             Slain by an ogre
             ... wielding a +0 giant spiked club
              (23 damage)
             ... on level 4 of the Dungeon.
             The game lasted 00:14:02 (2651 turns).

slep the Skirmisher (Minotaur Abyssal Knight)       Turns: 2651, Time: 00:14:02

Health: -4/62      AC: 10    Str: 16    XL:     7   Next: 17%
Magic:  7/7        EV: 11    Int:  9    God:    Lugonu [**....]
Gold:   166        SH:  3    Dex: 12    Spells: 6/6 levels left

rFire    . . .     SeeInvis .   i - +0 falchion (protect)
rCold    . . .     Gourm    .   p - +0 buckler
rNeg     . . .     Faith    .   b - +0 leather armour
rPois    .         Spirit   .   (helmet restricted)
rElec    .         Reflect  .   (no cloak)
rCorr    .         Harm     .   (no gloves)
MR       .....                  (no boots)
Stlth    +.........             (no amulet)
Regen    0.2/turn               o - ring of flight
MPRegen  0.1/turn               (no ring)

@: protection aura
A: retaliatory headbutt, horns 2
a: Depart the Abyss, Bend Space, Renounce Religion, Evoke Flight


You were on level 4 of the Dungeon.
You worshipped Lugonu.
Lugonu was pleased with you.
You were not hungry.

You visited 1 branch of the dungeon, and saw 5 of its levels.
You visited the Abyss 1 time.

You collected 166 gold pieces.

Inventory:

Hand Weapons
 a - a +1 falchion
 d - a +2 short sword of distortion
 i - a +0 falchion of protection (weapon)
 q - a +0 long sword
Missiles
 j - 4 tomahawks (quivered)
Armour
 b - a +0 leather armour (worn)
 p - a +0 buckler (worn)
Jewellery
 o - a ring of flight (left hand)
Scrolls
 e - 6 scrolls of teleportation {unknown}
 g - 11 scrolls of identify {unknown}
 l - a scroll of fog {unknown}
 n - a scroll of immolation {unknown}
Potions
 r - a potion of curing {unknown}
 s - a potion of flight {unknown}
 t - a potion of haste {unknown}
Books
 h - a book of Minor Magic

   Spells                             Type                      Level
   a - Magic Dart                     Conjuration                  1
   b - Blink                          Translocation                2
   c - Call Imp                       Summoning                    2
   d - Slow                           Hexes                        2
   e - Conjure Flame                  Conjuration/Fire             3
   f - Mephitic Cloud                 Conjuration/Poison/Air       3
Comestibles
 c - 2 bread rations
 f - 2 royal jellies
 k - 9 chunks of flesh
 m - 3 fruits


   Skills:
 + Level 5.9 Fighting
 + Level 4.8(5.1) Short Blades
 + Level 2.8(4.4) Long Blades
 + Level 5.0 Armour
 + Level 2.3 Dodging
 + Level 0.8 Stealth
 + Level 0.8 Shields
 + Level 1.7 Invocations


You had 6 spell levels left.
You didn't know any spells.

Dungeon Overview and Level Annotations

Branches:
Dungeon (5/15)
 Temple: D:4-7

Altars:
Elyvilon
Yredelemnul

Annotations:
Abyss:1 Sigmund


Innate Abilities, Weirdness & Mutations

You reflexively headbutt those who attack you in melee.
You have a pair of horns on your head.


Message History

The ogre is heavily wounded.
The ogre hits you with a giant spiked club!
You hit the ogre but do no damage. Your headbutt misses the ogre.
The ogre is heavily wounded.
The ogre closely misses you.
You hit the ogre but do no damage.
The ogre is heavily wounded.
The ogre hits you with a giant spiked club!
* * * LOW HITPOINT WARNING * * *
You completely miss the ogre.
The ogre is heavily wounded.
You closely miss the ogre. You headbutt the ogre!
The ogre is almost dead.
The ogre misses you.
Some of the chunks of flesh in your inventory have rotted away.
You hit the ogre but do no damage.
Your weapon exudes an aura of protection.
The ogre is severely wounded.
The ogre hits you with a giant spiked club!!
You die...

#............>.........
##.....................
##....................
########### ######.#####.........
....#.....## #####.### #.........
...........###...#...###.........
............#.........##.....>...
.......................##........
...............O@......###.......
............................###..
............#.........####.......
............##.............###.#.
...........######.###.########...
....#....†## ##.##..#####......
#####...########..##.##......#...
###..#........##.##<###÷.....
##.#....[...##.##..........


You could see an ogre.

Vanquished Creatures
  A howler monkey (D:4)
  A centaur skeleton (D:4)
  2 hounds (D:4)
  2 bullfrog skeletons (D:4)
  An iguana (D:4)
  3 worker ants (D:4)
  3 gnolls (D:4)
  4 adders
  An ufetubus (Abyss:1)
  3 oozes
  2 worms
  2 dart slugs (D:1)
  2 leopard geckos
  8 orcs
  A ball python (D:1)
  4 bats
  5 giant cockroaches
  6 goblins
  4 hobgoblins
  5 quokkas
  7 frilled lizards
  7 kobolds
  A leopard gecko skeleton (D:4)
  6 rats
81 creatures vanquished.

Vanquished Creatures (others)
  An adder (D:2)
  An ooze (D:1)
  A hobgoblin (D:2)
3 creatures vanquished.

Grand Total: 84 creatures vanquished

Notes
Turn   | Place    | Note
-------+----------+-------------------------------------------
     0 | Abyss:1  | slep the Minotaur Abyssal Knight began the quest for the Orb.
     0 | Abyss:1  | Reached XP level 1. HP: 19/19 MP: 1/1
   105 | Abyss:1  | Noticed a starcursed mass
   123 | Abyss:1  | Noticed a small abomination
   133 | D:1      | Escaped the Abyss
   213 | D:1      | Reached XP level 2. HP: 26/27 MP: 2/2
   255 | D:1      | Reached * piety under Lugonu
   786 | D:1      | Reached XP level 3. HP: 22/34 MP: 3/3
   884 | D:2      | Reached skill level 1 in Short Blades
  1107 | D:2      | Reached XP level 4. HP: 30/41 MP: 4/4
  1127 | D:2      | Reached ** piety under Lugonu
  1234 | D:2      | Found a white marble altar of Elyvilon.
  1278 | D:3      | Found a basalt altar of Yredelemnul.
  1616 | D:3      | Reached skill level 5 in Fighting
  1980 | D:4      | Reached XP level 5. HP: 39/48 MP: 5/5
  2054 | D:4      | Reached XP level 6. HP: 19/56 MP: 6/6
  2055 | D:4      | Noticed Sigmund
  2065 | D:5      | Entered Level 5 of the Dungeon
  2275 | D:4      | Banished Sigmund
  2320 | D:4      | Reached skill level 5 in Armour
  2447 | D:4      | Reached XP level 7. HP: 61/62 MP: 7/7
  2651 | D:4      | Slain by an ogre

Skill      XL: |  1  2  3  4  5  6 |
---------------+-------------------+-----
Fighting       | 4 5 |  5.9
Short Blades   | 1 2 3 4 |  4.8
Armour         | 3 4 5 |  5.0
Dodging        | 2 |  2.3
Long Blades    | |  2.8
Stealth        | |  0.8
Shields        | |  0.8
Invocations    | |  1.7

Action                   |  1- 3 |  4- 6 |  7- 9 || total
-------------------------+-------+-------+-------++-------
Melee: Short sword       |    71 |    66 |       ||   137
       Headbutt          |     6 |    15 |    11 ||    32
       Falchion          |       |    13 |    41 ||    54
Throw: Tomahawk          |       |     5 |       ||     5
Invok: Depart the Abyss  |     1 |       |       ||     1
  Use: Potion            |       |     3 |       ||     3
  Eat: Chunk             |     1 |     4 |     1 ||     6
Armor: Leather armour    |    21 |    15 |     7 ||    43
Dodge: Dodged            |    28 |    29 |    18 ||    75
Block: Buckler           |       |     9 |     4 ||    13
       Rpst.: Falchion   |       |     2 |     3 ||     5
